 Dungeon Crawl Stone Soup version 0.24-a0-275-g6f7e2cb (webtiles) character file.

Game seed: 990003155884120717

176 mhoghedin the Shooter (level 5, -7/33 HPs)
             Began as a Tengu Hunter on Apr 27, 2019.
             Mangled by an orc warrior
             ... wielding a +0 long sword
              (15 damage)
             ... on level 2 of the Dungeon.
             The game lasted 00:04:02 (2445 turns).

mhoghedin the Shooter (Tengu Hunter)                Turns: 2445, Time: 00:04:03

Health: -7/33      AC:  3    Str: 13    XL:     5   Next: 56%
Magic:  3/6        EV: 14    Int: 11    God:
Gold:   84         SH:  0    Dex: 15    Spells: 4/4 levels left

rFire    . . .     SeeInvis .   a - +1 shortbow
rCold    . . .     Gourm    .   (shield currently unavailable)
rNeg     . . .     Faith    .   c - +0 leather armour
rPois    .         Spirit   .   (helmet restricted)
rElec    .         Reflect  .   (no cloak)
rCorr    .         Harm     .   (no gloves)
MR       .....                  (boots unavailable)
Stlth    +++.......             (no amulet)
HPRegen  0.11/turn              j - ring of stealth {Stlth+}
MPRegen  0.10/turn              (no ring)

@: flying quickly and evasively, quick
A: beak, talons 3, able to fly
a: Stop Flying


You were on level 2 of the Dungeon.
You were not hungry.

You visited 1 branch of the dungeon, and saw 3 of its levels.

You collected 84 gold pieces.

Inventory:

Hand Weapons
 a - a +1 shortbow (weapon)
 f - a +2 whip of freezing
   (You found it on level 2 of the Dungeon)
Missiles
 d - 55 arrows (quivered)
Armour
 c - a +0 leather armour (worn)
Jewellery
 j - a ring of stealth (left hand) {Stlth+}
   (You found it on level 2 of the Dungeon)
Scrolls
 b - a scroll of amnesia
 g - a scroll of fog
 h - 3 scrolls of magic mapping {!r}
 i - 2 scrolls of identify
Potions
 e - 2 potions of curing
Comestibles
 k - a ration


   Skills:
 + Level 4.1 Fighting
 + Level 6.0 Bows
 - Level 2.1 Dodging
 - Level 1.0 Stealth


You had 4 spell levels left.
You didn't know any spells.
Your spell library was empty.

Dungeon Overview and Level Annotations

Branches:
Dungeon (3/15)

Altars:


Innate Abilities, Weirdness & Mutations

You have a beak for a mouth.
You have claws for feet.
You can fly continuously.


Message History

Firing (i - inventory)
d - 41 arrows (quivered)
Aim: a quokka (lightly wounded)
You shoot an arrow. The arrow hits the quokka.
The quokka bites you but does no damage.
Firing (i - inventory)
d - 40 arrows (quivered)
Aim: a quokka (severely wounded)
You shoot an arrow. The arrow hits the quokka!
You kill the quokka!
No target in view!
No target in view!
d - 41 arrows (gained 2)
You see here a quokka corpse.
d - 42 arrows (gained 1)
You open the door.
There is an open door here.
A bat comes into view.
Health restored: 33 A bat is nearby!
Firing (i - inventory)
d - 42 arrows (quivered)
Aim: a bat (resting)
You shoot an arrow. The arrow hits the bat.
You kill the bat!
No target in view!
No target in view!
d - 42 arrows (gained 1)
You see here a bat corpse.
All of the chunks of flesh in your inventory have rotted away.
k - 2 rations (gained 1)
There is an open door here.
Things that are here:
22 stones; a +0 hunting sling You see here 2 stones.
d - 43 arrows (gained 1)
You open the door.
There is an open door here.
i - 2 scrolls of identify (gained 1)
You are feeling hungry.
No target in view!
No target in view!
No target in view!
No target in view!
You open the door.
There is an open door here.
There is an open door here.
There is an escape hatch in the ceiling here.
d - 55 arrows (gained 12)
Things that are here:
a +0 mace; a +0 animal skin; a +0 helmet You see here a cursed -1 dagger.
There is an escape hatch in the floor, spattered with blood here.
Items here: ( )))) a +0 dagger; a cursed +0 hunting sling; 10 stones; a +0 club; a +0 dagger Done exploring.
Done exploring.
Done exploring.
Okay, then.
You eat one of the 2 rations.
That ration really hit the spot!
Done exploring.
Done exploring.
Unknown command.
Unknown command.
You are not religious.
You have 84 gold pieces.
Unknown command.
Unknown command.
Char dumped successfully.
(D) Dungeon
Where to? (Enter - D:1 @ (x,y), ? - help)
Okay, then.
(D) Dungeon
Where to? (Enter - D:1 @ (x,y), ? - help)
There is an escape hatch in the floor, spattered with blood here.
Items here: ( )))) a +0 dagger; a cursed +0 hunting sling; 10 stones; a +0 club; a +0 dagger You see here a cursed -1 dagger.
Things that are here:
a +0 mace; a +0 animal skin; a +0 helmet You see here a stone.
There is a stone staircase leading down here.
You see here a stone.
You climb downwards.
The orc warrior hits you with a +0 long sword!
There is a stone staircase leading up, spattered with blood here.
You see here a stone.
You take 12 damage, and have 21/33 hp.
MASSIVE DAMAGE!!
The orc warrior hits you with a +0 long sword.
You climb upwards.
There is a stone staircase leading down here.
You see here a stone.
You take 5 damage, and have 16/33 hp.
You swoop lightly up into the air.
You feel very comfortable in the air.
You feel somewhat more hungry.
The orc warrior hits you with a +0 long sword!
* * * LOW HITPOINT WARNING * * *
You take 9 damage, and have 7/33 hp.
MASSIVE DAMAGE!!
You now have 3/6 mp.
The orc warrior hits you with a +0 long sword!
You die...

###.#.#.#...#
##....#########
(##.#+#.#...######..(##
.##)............###.(#
.>))............# #..#
####............###..#######
...'...............(>......#
####.......................#
#.............o.........#
#............@..........#
####'#######............#
#.# #............# #.#
############## ######.#
#......# #.###### #.# ##.#


You could see an orc warrior.

Vanquished Creatures
  An ogre (D:2)
  Robin (D:2)
  An adder (D:2)
  2 oozes (D:1)
  A worm (D:2)
  A dart slug (D:2)
  A leopard gecko (D:2)
  An orc (D:2)
  A giant cockroach (D:1)
  7 hobgoblins (D:2)
  2 jackals (D:2)
  7 kobolds
  A quokka (D:2)
  A ball python (D:2)
  5 bats
  3 frilled lizards
  13 goblins
  A rat (D:1)
50 creatures vanquished.

Notes
Turn   | Place    | Note
-------+----------+-------------------------------------------
     0 | D:1      | mhoghedin the Tengu Hunter began the quest for the Orb.
     0 | D:1      | Reached XP level 1. HP: 12/12 MP: 2/2
   247 | D:1      | Reached XP level 2. HP: 18/18 MP: 3/3
  1239 | D:2      | Reached XP level 3. HP: 22/22 MP: 4/4
  1270 | D:2      | Reached skill level 5 in Bows
  1305 | D:2      | Reached skill level 3 in Fighting
  1527 | D:2      | Noticed an ogre
  1530 | D:2      | Noticed Robin
  1655 | D:2      | Reached XP level 4. HP: 28/28 MP: 5/5
  1836 | D:3      | Noticed an orc warrior
  1931 | D:2      | Killed Robin
  2074 | D:2      | Killed an ogre
  2074 | D:2      | Reached skill level 4 in Fighting
  2074 | D:2      | Reached skill level 6 in Bows
  2074 | D:2      | Gained mutation: You can fly continuously. [Tengu growth]
  2074 | D:2      | Reached XP level 5. HP: 33/33 MP: 6/6
  2441 | D:2      | HP: 7/33 [orc warrior/+0 long sword (9)]
  2445 | D:2      | Mangled by an orc warrior

Levels and vault maps discovered:
D:1:      minmay_arrival_shattered_statue, layout_basic, minmay_cut_off
D:2:      layout_basic, first_ration, uniq_robin
D:3:      layout_basic

Skill      XL: |  1  2  3  4 |
---------------+-------------+-----
Bows           | 5 6 |  6.0
Fighting       | 3 4 |  4.1
Dodging        | |  2.1
Stealth        | |  1.0

Action                   |  1- 3 |  4- 6 || total
-------------------------+-------+-------++-------
Melee: Whip              |       |    13 ||    13
       Kick              |       |     1 ||     1
 Fire: Shortbow          |    94 |    44 ||   138
 Abil: Fly               |       |     1 ||     1
  Use: Scroll            |     4 |       ||     4
       Potion            |       |     2 ||     2
  Eat: Ration            |     1 |     1 ||     2
Armor: Leather armour    |     4 |     8 ||    12
       Skin              |       |    65 ||    65
Dodge: Dodged            |     7 |    21 ||    28

Table legend:
 A = Non-vault XP
 B = Vault XP
 C = Vault XP percentage of total XP
 D = Non-vault monster count
 E = Vault monster count
 F = Vault count percentage of total count
                 A         B        C        D         E       F
            +---------+---------+-------+---------+---------+-------
      Total |     210 |      42 |  16.7 |      35 |      15 |  30.0
            +---------+---------+-------+---------+---------+-------
        D:1 |      28 |       3 |   9.7 |      11 |       2 |  15.4
        D:2 |     180 |      35 |  16.3 |      23 |      11 |  32.4
        D:3 |       2 |       4 |  66.7 |       1 |       2 |  66.7
            +---------+---------+-------+---------+---------+-------

Levels and vault maps discovered:
D:1:      minmay_arrival_shattered_statue, layout_basic, minmay_cut_off
D:2:      layout_basic, first_ration, uniq_robin
D:3:      layout_basic

Table legend:
 A = Turns spent in this place as a percentage of turns spent in the entire game.
 B = Non-inter-level travel turns spent in this place as a percentage of non-inter-level travel turns spent in the entire game.
 C = Inter-level travel turns spent in this place as a percentage of turns spent in this place.
 D = Turns resting spent in this place as a percentage of non-inter-level travel turns spent in this place.
 E = Turns spent auto-exploring this place as a percentage of non-inter-level travel turns spent in this place.
 F = Non-inter-level travel turns spent in this place divided by the number of levels of this place that you've seen.
                   A       B       C       D       E      F
               +-------+-------+-------+-------+-------+----------------------
         Total | 100.0 | 100.0 |   5.9 |   7.0 |  78.2 | 767.0
       Dungeon | 100.0 | 100.0 |   5.9 |   7.0 |  78.2 | 767.0
               +-------+-------+-------+-------+-------+----------------------

Table legend:
 A = Kills in this place as a percentage of kills in entire the game.
 B = Kills by you in this place as a percentage of kills by you in the entire game.
 C = Kills by friends in this place as a percentage of kills by friends in the entire game.
 D = Other kills in this place as a percentage of other kills in the entire game.
 E = Experience gained in this place as a percentage of experience gained in the entire game.
 F = Experience gained in this place divided by the number of levels of this place that you have seen.
                   A       B       C       D       E      F
               +-------+-------+-------+-------+-------+----------------------
         Total | 100.0 | 100.0 |   N/A |   N/A | 100.0 |  84.0
       Dungeon | 100.0 | 100.0 |   N/A |   N/A | 100.0 |  84.0
               +-------+-------+-------+-------+-------+----------------------
